ESL (28 & UNDER)
WILMINGTON REBELS @ PENQUANNOCK OVERRATED JETER
08/07/2030
 
TOP OF THE 1ST
Wilmington Rebels batting - Pitching for Penquannock Overrated Jeter : LHP Brian Hodges
Pitching: LHP Brian Hodges
Batting: RHB Guillermo González 0-0: SINGLE (Flyball, 89S)
Batting: LHB Marv Alexander 0-0: Ball
1-0: Ball
2-0: Called Strike
2-1: Swinging Strike
2-2: Strikes out swinging
Batting: RHB Miguel Cervantes 0-0: Called Strike
0-1: Ball
1-1: Foul Ball, location: 2F
1-2: Ball
2-2: Ball
3-2: Foul Ball, location: 2F
3-2: SINGLE (Groundball, 5D)
Guillermo González to second
Batting: RHB Henry Dawson 0-0: Ball
1-0: Ball
2-0: Ball
3-0: Called Strike
3-1: Base on Balls
Guillermo González to third
Miguel Cervantes to second
Batting: RHB Tucker Cooper 0-0: Called Strike
0-1: DOUBLE (Line Drive, 78XD)
Guillermo González scores
Miguel Cervantes scores
Henry Dawson to third
Runner from 3rd tries for Home, SAFE, no throw
Batting: LHB Seth Sullivan 0-0: Called Strike
0-1: Ball
1-1: Swinging Strike
1-2: Strikes out swinging
Batting: RHB León Gómez 0-0: Ground out 1-3 (Groundball, 13S)
Top of the 1st over - 3 runs, 3 hits, 0 errors, 1 left on base; Wilmington 3 - Penquannock 0
BOTTOM OF THE 1ST
Penquannock Overrated Jeter batting - Pitching for Wilmington Rebels : LHP Tomás Prieto
Pitching: LHP Tomás Prieto
Batting: SHB Martin Goodwin 0-0: Called Strike
0-1: Called Strike
0-2: Strikes out looking
Batting: LHB Francisco Medina 0-0: Called Strike
0-1: DOUBLE (Line Drive, 9LM)
Batting: RHB Gary Wyatt 0-0: Called Strike
0-1: Called Strike
0-2: Foul Ball, location: 2F
0-2: Strikes out swinging
Batting: LHB Félix Costa 0-0: SINGLE (Groundball, 4MD)
Francisco Medina to third
Runner from 3rd tries for Home, SAFE, no throw
Batting: SHB Cristián López 0-0: Ball
1-0: Ball
2-0: Foul Ball, location: 2F
2-1: Foul Ball, location: 2F
2-2: Ball
3-2: Ground out 5-3 (Groundball, 56S)
Bottom of the 1st over - 1 run, 2 hits, 0 errors, 1 left on base; Wilmington 3 - Penquannock 1
TOP OF THE 2ND
Wilmington Rebels batting - Pitching for Penquannock Overrated Jeter : LHP Brian Hodges
Batting: RHB José Fajardo 0-0: Called Strike
0-1: Fly out, F8 (Flyball, 8LM)
Batting: LHB T.J. Richardson 0-0: Ball
1-0: Called Strike
1-1: Fly out, F4 (Popup, 13S)
Batting: RHB Guillermo González 0-0: Ground out 6-3 (Groundball, 6)
Top of the 2nd over - 0 runs, 0 hits, 0 errors, 0 left on base; Wilmington 3 - Penquannock 1
BOTTOM OF THE 2ND
Penquannock Overrated Jeter batting - Pitching for Wilmington Rebels : LHP Tomás Prieto
Batting: LHB Eric Powell 0-0: Ball
1-0: Ball
2-0: Swinging Strike
2-1: Foul Ball, location: 2F
2-2: Fly out, F7 (Flyball, 7LS)
Batting: LHB José Morales 0-0: Ball
1-0: DOUBLE (Line Drive, 9LM)
Batting: RHB Phil Wright 0-0: Foul Ball, location: 2F
0-1: DOUBLE (Line Drive, 89M)
José Morales scores
Batting: RHB Paul Liddle 0-0: Called Strike
0-1: Ground out 4-3 (Groundball, 4)
Phil Wright to third
Batting: SHB Martin Goodwin 0-0: Ball
1-0: Ground out 3-1 (Groundball, 3S)
Bottom of the 2nd over - 1 run, 2 hits, 0 errors, 1 left on base; Wilmington 3 - Penquannock 2
TOP OF THE 3RD
Wilmington Rebels batting - Pitching for Penquannock Overrated Jeter : LHP Brian Hodges
Batting: LHB Marv Alexander 0-0: Swinging Strike
0-1: Swinging Strike
0-2: Ball
1-2: Ball
2-2: Foul Ball, location: 2F
2-2: Foul Ball, location: 2F
2-2: Foul Ball, location: 2F
2-2: Strikes out looking
Batting: RHB Miguel Cervantes 0-0: Ball
1-0: Foul Ball, location: 2F
1-1: Ball
2-1: Ball
3-1: Swinging Strike
3-2: Foul Ball, location: 2F
3-2: Base on Balls
Batting: RHB Henry Dawson 0-0: Ball
1-0: Ball
2-0: Called Strike
2-1: Ball
3-1: Foul Ball, location: 2F
3-2: Fielders Choice at 2nd, 5-4 (Groundball, 5)
Batting: RHB Tucker Cooper 0-0: Ball
1-0: SINGLE (Line Drive, 7S)
Henry Dawson to second
Batting: LHB Seth Sullivan 0-0: Ball
1-0: Ball
2-0: Ground out 4-3 (Groundball, 4)
Top of the 3rd over - 0 runs, 1 hit, 0 errors, 2 left on base; Wilmington 3 - Penquannock 2
BOTTOM OF THE 3RD
Penquannock Overrated Jeter batting - Pitching for Wilmington Rebels : LHP Tomás Prieto
Batting: LHB Francisco Medina 0-0: Ball
1-0: Ball
2-0: Foul Ball, location: 2F
2-1: Ball
3-1: Fly out, F8 (Flyball, 78M)
Batting: RHB Gary Wyatt 0-0: Ball
1-0: Called Strike
1-1: Ball
2-1: Ball
3-1: Called Strike
3-2: Base on Balls
Batting: LHB Félix Costa 0-0: Ball
1-0: Called Strike
1-1: Ball
2-1: Foul Ball, location: 2F
2-2: Strikes out swinging
Batting: SHB Cristián López 0-0: Called Strike
0-1: Foul Ball, location: 2F
0-2: Ball
1-2: Ball
2-2: Foul Ball, location: 2F
2-2: SINGLE (Groundball, 4D)
Gary Wyatt to second
Runner from 2nd tries for 3rd, SAFE, no throw
Batting: LHB Eric Powell 0-0: Foul Ball, location: 2F
0-1: Called Strike
0-2: Ball
1-2: Fly out, F6 (Line Drive, 6S)
Bottom of the 3rd over - 0 runs, 1 hit, 0 errors, 2 left on base; Wilmington 3 - Penquannock 2
TOP OF THE 4TH
Wilmington Rebels batting - Pitching for Penquannock Overrated Jeter : LHP Brian Hodges
Batting: RHB León Gómez 0-0: Ball
1-0: Ground out 4-3 (Groundball, 4)
Batting: RHB José Fajardo 0-0: Swinging Strike
0-1: Swinging Strike
0-2: Strikes out looking
Batting: LHB T.J. Richardson 0-0: SINGLE (Groundball, 5S) (infield hit)
Batting: RHB Guillermo González 0-0: Ball
1-0: Called Strike
T.J. Richardson steals 2nd base
1-1: Ground out U3 (Groundball, 3)
Top of the 4th over - 0 runs, 1 hit, 0 errors, 1 left on base; Wilmington 3 - Penquannock 2
BOTTOM OF THE 4TH
Penquannock Overrated Jeter batting - Pitching for Wilmington Rebels : LHP Tomás Prieto
Batting: LHB José Morales 0-0: Foul Ball, location: 2F
0-1: Foul Ball, location: 2F
0-2: Ball
1-2: Ball
2-2: Foul Ball, location: 2F
2-2: Ball
3-2: Fly out, F8 (Flyball, 8LS)
Batting: RHB Phil Wright 0-0: SINGLE (Line Drive, 7S)
Batting: RHB Paul Liddle 0-0: Called Strike
0-1: Called Strike
Phil Wright steals 2nd base
0-2: Ball
1-2: Ball
2-2: Ball
3-2: Ground out U3 (Groundball, 3L)
Phil Wright to third
Batting: SHB Martin Goodwin 0-0: Ground out 4-3 (Groundball, 4)
Bottom of the 4th over - 0 runs, 1 hit, 0 errors, 1 left on base; Wilmington 3 - Penquannock 2
TOP OF THE 5TH
Wilmington Rebels batting - Pitching for Penquannock Overrated Jeter : LHP Brian Hodges
Batting: LHB Marv Alexander 0-0: Called Strike
0-1: Ball
1-1: Ball
2-1: Foul Ball, location: 2F
2-2: SINGLE (Line Drive, 8LM)
Batting: RHB Miguel Cervantes 0-0: Called Strike
0-1: Ball
Marv Alexander steals 2nd base
1-1: Called Strike
1-2: Strikes out swinging
Pitching: RHP Gilbert Bright
Batting: RHB Henry Dawson 0-0: Ball
1-0: Ball
2-0: Called Strike
2-1: Foul Ball, location: 2F
2-2: Ball
3-2: Base on Balls
Batting: RHB Tucker Cooper 0-0: Foul Ball, location: 2F
0-1: Ball
1-1: Foul Ball, location: 2F
1-2: Ball
2-2: Strikes out swinging
Batting: LHB Seth Sullivan 0-0: Called Strike
0-1: Ball
1-1: Called Strike
Henry Dawson steals 2nd base
Marv Alexander to third
1-2: Ball
2-2: Ball
3-2: Base on Balls
Batting: RHB León Gómez 0-0: Called Strike
0-1: Foul Ball, location: 2F
0-2: Ball
1-2: Ball
2-2: SINGLE (Groundball, 4MD)
Marv Alexander scores
Henry Dawson to third
Seth Sullivan to second
Runner from 3rd tries for Home, SAFE, throw made home
Batting: RHB José Fajardo 0-0: Ball
1-0: SINGLE (Flyball, 7LS)
Seth Sullivan to third
León Gómez to second
Batting: LHB T.J. Richardson 0-0: Foul Ball, location: 2F
0-1: Swinging Strike
0-2: Hit by Pitch
Seth Sullivan scores
León Gómez to third
José Fajardo to second
Batting: RHB Guillermo González 0-0: Ball
1-0: Foul Ball, location: 2F
1-1: Ground out 4-3 (Groundball, 4)
Top of the 5th over - 3 runs, 3 hits, 0 errors, 3 left on base; Wilmington 6 - Penquannock 2
BOTTOM OF THE 5TH
Penquannock Overrated Jeter batting - Pitching for Wilmington Rebels : LHP Tomás Prieto
Batting: LHB Francisco Medina 0-0: Ball
1-0: Ground out 6-3 (Groundball, 6M)
Batting: RHB Gary Wyatt 0-0: Foul Ball, location: 2F
0-1: Ball
1-1: Foul Ball, location: 2F
1-2: Foul Ball, location: 2F
1-2: Strikes out looking
Batting: LHB Félix Costa 0-0: Ball
1-0: Ground out U3 (Groundball, 34)
Bottom of the 5th over - 0 runs, 0 hits, 0 errors, 0 left on base; Wilmington 6 - Penquannock 2
TOP OF THE 6TH
Wilmington Rebels batting - Pitching for Penquannock Overrated Jeter : RHP Gilbert Bright
Batting: LHB Marv Alexander 0-0: Ball
1-0: Foul Ball, location: 2F
1-1: Called Strike
1-2: Ball
2-2: Strikes out looking
Batting: RHB Miguel Cervantes 0-0: Called Strike
0-1: Ball
1-1: Foul Ball, location: 2F
1-2: Strikes out looking
Batting: RHB Henry Dawson 0-0: Swinging Strike
0-1: Ball
1-1: Ball
2-1: Called Strike
2-2: Ball
3-2: Foul Ball, location: 2F
3-2: Fly out, F4 (Popup, 23)
Top of the 6th over - 0 runs, 0 hits, 0 errors, 0 left on base; Wilmington 6 - Penquannock 2
BOTTOM OF THE 6TH
Penquannock Overrated Jeter batting - Pitching for Wilmington Rebels : LHP Tomás Prieto
Batting: SHB Cristián López 0-0: Called Strike
0-1: Ground out 1-3 (Groundball, P)
Batting: LHB Eric Powell 0-0: Ball
1-0: SINGLE (Flyball, 8RS)
Batting: LHB José Morales 0-0: Ball
1-0: Foul Ball, location: 2F
1-1: Ball
2-1: Ball
3-1: Called Strike
3-2: Strikes out swinging
Batting: RHB Phil Wright Pickoff Throw to First - Error! E1
Eric Powell to second
0-0: SINGLE (Line Drive, 6M)
Eric Powell to third
Runner from 3rd tries for Home, SAFE, throw made home
Batting: RHB Paul Liddle 0-0: Ball
1-0: Ball
2-0: Ball
3-0: Called Strike
3-1: Base on Balls
Phil Wright to second
Pitching: RHP Leonardo De La Garza
Batting: SHB Martin Goodwin 0-0: Hit by Pitch
Phil Wright to third
Paul Liddle to second
Batting: LHB Francisco Medina 0-0: Ball
1-0: Ball
2-0: Ball
3-0: Called Strike
3-1: Base on Balls
Phil Wright scores
Paul Liddle to third
Martin Goodwin to second
Batting: RHB Gary Wyatt 0-0: Foul Ball, location: 2F
0-1: Ball
1-1: Ball
2-1: Foul Ball, location: 2F
2-2: Ball
3-2: Fly out, F8 (Flyball, 8RXD)
Bottom of the 6th over - 2 runs, 2 hits, 1 error, 3 left on base; Wilmington 6 - Penquannock 4
TOP OF THE 7TH
Wilmington Rebels batting - Pitching for Penquannock Overrated Jeter : RHP Gilbert Bright
Batting: RHB Tucker Cooper 0-0: Ball
1-0: Called Strike
1-1: Called Strike
1-2: Ball
2-2: Ball
3-2: Base on Balls
Batting: LHB Seth Sullivan 0-0: Bunted foul
0-1: Sac Bunt - play at first, batter OUT! 5-4
Tucker Cooper to second
Batting: RHB León Gómez 0-0: Ball
1-0: Ball
2-0: Fly out, F7 (Line Drive, 7)
Batting: RHB José Fajardo 0-0: Ball
1-0: SINGLE (Line Drive, 78S)
Tucker Cooper to third
Batting: LHB T.J. Richardson 0-0: Ball
1-0: Ball
2-0: Ball
3-0: Base on Balls
José Fajardo to second
Pitching: LHP Brian Gunther
Batting: RHB Guillermo González 0-0: Called Strike
0-1: Ball
1-1: Ball
2-1: Foul Ball, location: 2F
2-2: Ground out 4-3 (Groundball, 4)
Top of the 7th over - 0 runs, 1 hit, 0 errors, 3 left on base; Wilmington 6 - Penquannock 4
BOTTOM OF THE 7TH
Penquannock Overrated Jeter batting - Pitching for Wilmington Rebels : RHP Leonardo De La Garza
Batting: LHB Félix Costa 0-0: Ball
1-0: Swinging Strike
1-1: Foul Ball, location: 2F
1-2: Strikes out swinging, 2-3 out at first.
Batting: SHB Cristián López 0-0: SINGLE (Flyball, 7LM)
Batting: LHB Eric Powell 0-0: Called Strike
0-1: Ball
1-1: Foul Ball, location: 2F
1-2: Ball
2-2: Foul Ball, location: 2F
2-2: Foul Ball, location: 2F
2-2: Ball
3-2: Foul Ball, location: 2F
3-2: Ground out 3-1 (Groundball, 3)
Cristián López to second
Batting: LHB José Morales 0-0: Called Strike
0-1: Ball
1-1: Called Strike
1-2: Foul Ball, location: 2F
1-2: Strikes out swinging
Bottom of the 7th over - 0 runs, 1 hit, 0 errors, 1 left on base; Wilmington 6 - Penquannock 4
TOP OF THE 8TH
Wilmington Rebels batting - Pitching for Penquannock Overrated Jeter : LHP Brian Gunther
Batting: LHB Marv Alexander 0-0: Called Strike
0-1: Ball
1-1: Reached via error on a dropped throw, E3
Batting: RHB Miguel Cervantes 0-0: Ball
1-0: Ball
2-0: Called Strike
2-1: Grounds into double play, 6-4-3 (Groundball, 6)
Batting: RHB Henry Dawson 0-0: Called Strike
0-1: Foul Ball, location: 2F
0-2: Strikes out looking
Top of the 8th over - 0 runs, 0 hits, 1 error, 0 left on base; Wilmington 6 - Penquannock 4
BOTTOM OF THE 8TH
Penquannock Overrated Jeter batting - Pitching for Wilmington Rebels : RHP Leonardo De La Garza
Pitching: RHP John Allen
Batting: RHB Phil Wright 0-0: Ball
1-0: SINGLE (Groundball, 6D)
Batting: RHB Paul Liddle 0-0: Grounds into double play, 4-6-3 (Groundball, 4)
Batting: SHB Martin Goodwin 0-0: Fly out, F5 (Line Drive, 56S)
Bottom of the 8th over - 0 runs, 1 hit, 0 errors, 0 left on base; Wilmington 6 - Penquannock 4
TOP OF THE 9TH
Wilmington Rebels batting - Pitching for Penquannock Overrated Jeter : LHP Brian Gunther
Batting: RHB Tucker Cooper 0-0: Ground out 1-3 (Groundball, 13S)
Batting: LHB Seth Sullivan 0-0: Ball
1-0: Ball
2-0: Ball
3-0: Called Strike
3-1: Fly out, F7 (Flyball, 7)
Batting: RHB León Gómez 0-0: Called Strike
0-1: Ball
1-1: Swinging Strike
1-2: Strikes out looking
Top of the 9th over - 0 runs, 0 hits, 0 errors, 0 left on base; Wilmington 6 - Penquannock 4
BOTTOM OF THE 9TH
Penquannock Overrated Jeter batting - Pitching for Wilmington Rebels : RHP John Allen
Batting: LHB Francisco Medina 0-0: Foul Ball, location: 2F
0-1: Ball
1-1: Foul Ball, location: 2F
1-2: Ball
2-2: SINGLE (Flyball, 9S)
Batting: RHB Gary Wyatt 0-0: Ball
1-0: Ball
2-0: Ball
3-0: Called Strike
3-1: Base on Balls
Francisco Medina to second
Batting: LHB Félix Costa 0-0: Ball
1-0: Ball
2-0: Foul Ball, location: 2F
2-1: Ball
3-1: Base on Balls
Francisco Medina to third
Gary Wyatt to second
Batting: SHB Cristián López 0-0: Called Strike
0-1: Ball
1-1: Foul Ball, location: 2F
1-2: Strikes out swinging
Batting: LHB Eric Powell 0-0: Ball
1-0: Called Strike
1-1: Ball
2-1: Fly out, F9 (Flyball, 89S)
Runner from 3rd tags up, SCORES, no throw
Batting: LHB José Morales 0-0: Ball
1-0: Ball
2-0: Swinging Strike
2-1: Foul Ball, location: 2F
2-2: Ball
3-2: Base on Balls
Gary Wyatt to third
Félix Costa to second
Batting: RHB Phil Wright 0-0: Called Strike
0-1: Ball
1-1: Swinging Strike
1-2: Foul Ball, location: 2F
1-2: Foul Ball, location: 2F
1-2: Ball
2-2: Foul Ball, location: 2F
2-2: Foul Ball, location: 2F
2-2: Ball
3-2: Base on Balls
Gary Wyatt scores
Félix Costa to third
José Morales to second
Batting: RHB Paul Liddle 0-0: Foul Ball, location: 2F
0-1: Ground out 6-3 (Groundball, 6M)
Bottom of the 9th over - 2 runs, 1 hit, 0 errors, 3 left on base; Wilmington 6 - Penquannock 6
TOP OF THE 10TH
Wilmington Rebels batting - Pitching for Penquannock Overrated Jeter : LHP Brian Gunther
Batting: RHB José Fajardo 0-0: Called Strike
0-1: Foul Ball, location: 2F
0-2: Foul Ball, location: 2F
0-2: Ground out 6-3 (Groundball, 6)
Batting: LHB T.J. Richardson 0-0: Called Strike
0-1: Foul Ball, location: 2F
0-2: Ball
1-2: Ball
2-2: Strikes out looking
Batting: RHB Guillermo González 0-0: SINGLE (Line Drive, 6MD)
Batting: LHB Marv Alexander 0-0: Foul Ball, location: 2F
0-1: Ball
1-1: Ball
2-1: Foul Ball, location: 2F
2-2: Ground out 4-3 (Groundball, 4)
Top of the 10th over - 0 runs, 1 hit, 0 errors, 1 left on base; Wilmington 6 - Penquannock 6
BOTTOM OF THE 10TH
Penquannock Overrated Jeter batting - Pitching for Wilmington Rebels : RHP John Allen
Pitching: RHP Juan Díaz
Batting: SHB Martin Goodwin 0-0: Swinging Strike
0-1: Foul Ball, location: 2F
0-2: Strikes out swinging
Batting: LHB Francisco Medina 0-0: Called Strike
0-1: DOUBLE (Groundball, 3L)
Batting: RHB Gary Wyatt 0-0: Called Strike
0-1: Called Strike
0-2: Ball
1-2: Foul Ball, location: 2F
1-2: Foul Ball, location: 2F
1-2: Ball
2-2: Ball
3-2: Strikes out looking
Batting: LHB Félix Costa 0-0: Called Strike
0-1: Swinging Strike
0-2: Foul Ball, location: 2F
0-2: Ball
1-2: Foul Ball, location: 2F
1-2: Strikes out swinging
Bottom of the 10th over - 0 runs, 1 hit, 0 errors, 1 left on base; Wilmington 6 - Penquannock 6
TOP OF THE 11TH
Wilmington Rebels batting - Pitching for Penquannock Overrated Jeter : LHP Brian Gunther
Batting: RHB Miguel Cervantes 0-0: Ball
1-0: Ball
2-0: Ball
3-0: Called Strike
3-1: Foul Ball, location: 2F
3-2: SOLO HOME RUN (Line Drive, 7LD), Distance : 356 ft
Batting: RHB Henry Dawson 0-0: Ball
1-0: Ground out 6-3 (Groundball, 56D)
Batting: RHB Tucker Cooper 0-0: DOUBLE (Line Drive, 5D)
Batting: LHB Seth Sullivan 0-0: Ball
1-0: Ball
2-0: Ball
3-0: Base on Balls
Batting: RHB León Gómez 0-0: Called Strike
0-1: Ball
1-1: Ground out 5-3 (Groundball, 56)
Tucker Cooper to third
Seth Sullivan to second
Batting: RHB José Fajardo 0-0: Called Strike
0-1: Ball
1-1: Ball
2-1: Ball
3-1: Called Strike
3-2: Foul Ball, location: 2F
3-2: Foul Ball, location: 2F
3-2: Base on Balls
Pitching: RHP Dave Funk
Batting: LHB T.J. Richardson 0-0: Called Strike
0-1: Called Strike
0-2: SINGLE (Groundball, 3S) (infield hit)
Tucker Cooper scores
Seth Sullivan to third
José Fajardo to second
Pinch Hitting: LHB Guillermo Santos 0-0: Called Strike
0-1: Called Strike
0-2: Ball
1-2: Ball
2-2: Ball
3-2: Ground out 3-1 (Groundball, 34S)
Top of the 11th over - 2 runs, 3 hits, 0 errors, 3 left on base; Wilmington 8 - Penquannock 6
BOTTOM OF THE 11TH
Penquannock Overrated Jeter batting - Pitching for Wilmington Rebels : RHP Juan Díaz
Now in CF: Guillermo Santos
Batting: SHB Cristián López 0-0: Ground out 1-3 (Groundball, 15S)
Batting: LHB Eric Powell 0-0: Foul Ball, location: 2F
0-1: Ball
1-1: SOLO HOME RUN (Flyball, 9LD), Distance : 348 ft
Batting: LHB José Morales 0-0: Called Strike
0-1: DOUBLE (Flyball, 8RXD)
Batting: RHB Phil Wright 0-0: Ball
1-0: Ground out 6-3 (Groundball, 6)
Batting: RHB Paul Liddle 0-0: Ball
1-0: Ball
2-0: Called Strike
2-1: Ball
3-1: Base on Balls
Batting: SHB Martin Goodwin 0-0: Ball
1-0: Called Strike
1-1: SINGLE (Flyball, 9)
José Morales to third
Paul Liddle to second
Runner from 3rd tries for Home, SAFE, no throw
Batting: LHB Francisco Medina 0-0: Foul Ball, location: 2F
0-1: SINGLE (Line Drive, 6M)
Paul Liddle to third
Martin Goodwin to second
Batting: RHB Gary Wyatt 0-0: SINGLE (Line Drive, 4D)
Paul Liddle scores
Saturday, April 7th, 2018 - OOTP Baseball 18.8 Build 76